 Dungeon Crawl Stone Soup version 0.30.1-11-g7821555f0a (webtiles) character file.

Game seed: 17299838359729799237

1392 leafyfresh the Chiller (level 8, -3/58 HPs)
             Began as a Barachi Ice Elementalist on Nov 18, 2023.
             Slain by an orc warrior
             ... wielding a +0 halberd
              (16 damage)
             ... on level 6 of the Dungeon.
             The game lasted 00:08:15 (4935 turns).

leafyfresh the Chiller (Barachi Ice Elementalist)   Turns: 4935, Time: 00:08:15

Health: -3/58      AC:  5    Str:  9    XL:     8   Next: 68%
Magic:  2/15       EV: 14    Int: 18    God:
Gold:   330        SH:  0    Dex: 13    Spells: 6/17 levels left

rFire   . . .        l - +3 dagger of Miemoneh {elec, rPois}
rCold   . . .        (no shield)
rNeg    . . .        a - +0 robe
rPois   +            (no helmet)
rElec   .            p - +0 cloak
rCorr   .            x - +0 pair of gloves
SInv    .            w - +0 pair of boots
Will    .....        (no amulet)
Stlth   ++           (no ring)
HPRegen 0.29/turn    (no ring)
MPRegen 0.14/turn

%: no passive effects
@: about to teleport, freezing walls, slow
A: amphibious, slowness 1, strong legs 1, +LOS
a: Hop


You were on level 6 of the Dungeon.
You visited 1 branch of the dungeon, and saw 6 of its levels.

You collected 330 gold pieces.

Inventory:

Hand Weapons
 f - a +0 club
 g - a +0 dagger
 i - a +0 giant spiked club
 l - the +3 dagger of Miemoneh (weapon) {elec, rPois}
   (You found it on level 2 of the Dungeon)

   rPois:     It protects you from poison.
 y - a +3 quarterstaff of chaos
 B - a +0 sling
Missiles
 c - 5 poisoned darts (quivered)
Armour
 a - a +0 robe (worn)
 p - a +0 cloak (worn)
 w - a +0 pair of boots (worn)
 x - a +0 pair of gloves (worn)
Scrolls
 e - 4 scrolls of teleportation
 h - a scroll of poison {unknown}
 m - a scroll of fog {unknown}
 q - 2 scrolls of identify {unknown}
 r - 2 scrolls of amnesia {unknown}
 s - a scroll of blinking {unknown}
 t - 2 scrolls of brand weapon {unknown}
 u - a scroll of enchant weapon {unknown}
 A - a scroll of summoning {unknown}
Potions
 b - a potion of magic
 d - 6 potions of curing {unknown}
 j - a potion of brilliance {unknown}
 k - 2 potions of mutation {unknown}
 n - a potion of haste {unknown}
 o - a potion of might {unknown}
 v - 2 potions of lignification {unknown}
 z - a potion of heal wounds {unknown}
 C - a potion of attraction {unknown}


   Skills:
 + Level 3.2 Fighting
 + Level 5.3 Dodging
 - Level 1.9 Stealth
 - Level 5.3 Spellcasting
 - Level 6.4 Summonings
 - Level 7.5 Ice Magic


You had 6 spell levels left.
You knew the following spells:

 Your Spells              Type           Power      Damage    Failure   Level
a - Freeze                Ice            100%       1d10      1%          1
b - Frozen Ramparts       Ice            64%        1d10      1%          3
c - Ozocubu's Armour      Ice            32%        N/A       1%          3
d - Summon Ice Beast      Ice/Summ       30%        N/A       7%          4

Your spell library contained the following spells:

 Spells                   Type           Power      Damage    Failure   Level
 Static Discharge         Conj/Air       8%         2-3/arc   21%         2
 Summon Lightning Spire   Summ/Air       16%        N/A       34%         4
 Airstrike                Air            2%         2d(1-17)  78%         4


Dungeon Overview and Level Annotations

Branches:
Dungeon (6/15)
 Temple: D:4-7

Altars:

Shops:
D:1 *   D:3 [   D:4 [   D:6 :

Annotations:
D:6 Dowan


Innate Abilities, Weirdness & Mutations

You are amphibious.
You cover ground slowly.
You can hop short distances.
You have an extended range of vision and can be seen from far away.


Message History

Unknown command.
The wall freezes the orc warrior.
The orc warrior barely misses you.
The wall freezes the orc!
You kill the orc!
Your frozen ramparts will break if you move.
Continue? [Y]es or [N]o only, please.
Your frozen ramparts will break if you move.
Continue? [Y]es or [N]o only, please.
Your frozen ramparts will break if you move.
Continue? [Y]es or [N]o only, please.
Your frozen ramparts will break if you move.
Continue?
Okay, then.
Dowan says, "Magic will overcome all!"
Dowan gestures wildly while chanting.
Dowan blinks!
The wall freezes the orc warrior but does no damage.
The orc warrior hits you from afar with a +0 halberd!
Your frozen ramparts will break if you move.
Continue? [Y]es or [N]o only, please.
Your frozen ramparts will break if you move.
Continue? [Y]es or [N]o only, please.
Your frozen ramparts will break if you move.
Continue?
Okay, then.
The wall freezes the orc warrior.
The orc warrior hits you from afar with a +0 halberd!
You are too injured to fight recklessly!
The wall freezes the orc warrior.
The orc warrior hits you from afar with a +0 halberd!
* * * LOW HITPOINT WARNING * * *
The wall freezes something.
Unknown command.
Casting: Frozen Ramparts (safe; 1% risk of failure)
Confirm with . or Enter, or press ? or * to list all spells.
You don't have enough magic to cast this spell.
Unknown command.
As you read the scroll of teleportation, it crumbles to dust.
You feel strangely unstable.
The wall freezes the orc warrior but does no damage.
The orc warrior hits you from afar with a +0 halberd!
You die...

##### ####...## ##...#..@##
#...#####Y## ##..#######o#
# #...###รท###)####### #
#...###.###e......#
########...######...)).eoo#
......##....#####...####o.#
#####.##......#..#### .#
#####.##.###....##


You could see an orc warrior, Dowan (fast) and a friendly ice beast (summoned).

Vanquished Creatures
  An acid dragon (D:5)
  2 black bears
  An ice beast (D:3)
  A sky beast (D:6)
  2 ogres
  A phantom (D:5)
  3 scorpions
  A howler monkey (D:5)
  Crazy Yiuf (D:3)
  3 iguanas
  An orc priest (D:4)
  Terence (D:3)
  An orc wizard (D:5)
  4 adders
  4 gnolls (D:2)
  2 white imps (D:5)
  3 dart slugs
  10 orcs
  6 endoplasms
  4 giant cockroaches (D:4)
  6 goblins
  2 hobgoblins
  2 jackals (D:2)
  4 quokkas
  5 ball pythons
  7 bats
  3 frilled lizards
  2 kobolds
  2 rats (D:1)
85 creatures vanquished.

Vanquished Creatures (collateral kills)
  Duvessa (D:6)
  An orc wizard (D:6)
  An orc (D:5)
3 creatures vanquished.

Grand Total: 88 creatures vanquished

Notes
Turn   | Place    | Note
-------+----------+-------------------------------------------
     0 | D:1      | leafyfresh the Barachi Ice Elementalist began the quest for
                  | the Orb.
     0 | D:1      | Reached XP level 1. HP: 13/13 MP: 3/3
    93 | D:1      | Reached skill level 5 in Ice Magic
    98 | D:1      | Reached XP level 2. HP: 18/19 MP: 1/5
   565 | D:1      | Found Josun's Assorted Antiques.
   573 | D:1      | Reached XP level 3. HP: 24/24 MP: 5/7
   846 | D:1      | Learned a level 3 spell: Frozen Ramparts
   850 | D:1      | Learned a level 3 spell: Ozocubu's Armour
   869 | D:2      | Noticed an ogre
   885 | D:2      | Killed an ogre
   886 | D:2      | Reached skill level 6 in Ice Magic
   886 | D:2      | Reached XP level 4. HP: 19/30 MP: 0/9
   899 | D:2      | Reached XP level 5. HP: 18/35 MP: 1/10
  1082 | D:2      | Identified the +3 dagger of Miemoneh {elec, rPois}
  1146 | D:2      | Noticed a black bear
  1155 | D:2      | Killed a black bear
  1298 | D:2      | Reached XP level 6. HP: 41/41 MP: 5/12
  1629 | D:3      | Reached skill level 7 in Ice Magic
  1686 | D:3      | Noticed Terence
  1697 | D:3      | Killed Terence
  1954 | D:3      | Found Peeckiz's Armour Shoppe.
  2111 | D:3      | Found a runed translucent door.
  2112 | D:3      | Noticed Crazy Yiuf
  2138 | D:3      | Found a faded altar of an unknown god.
  2215 | D:3      | Noticed an ice beast
  2225 | D:3      | Killed an ice beast
  2226 | D:3      | Reached skill level 5 in Spellcasting
  2394 | D:3      | Killed Crazy Yiuf
  2520 | D:4      | Noticed a black bear
  2736 | D:4      | Found Mikosen's Armour Shoppe.
  2810 | D:4      | Reached XP level 7. HP: 43/46 MP: 14/14
  3553 | D:4      | Learned a level 4 spell: Summon Ice Beast
  3554 | D:5      | Entered Level 5 of the Dungeon
  3592 | D:5      | Reached skill level 1 in Summonings
  4114 | D:5      | Reached skill level 5 in Summonings
  4114 | D:5      | Reached XP level 8. HP: 50/52 MP: 7/15
  4667 | D:6      | Found Weamidgh's Book Shop.
  4707 | D:6      | Reached skill level 1 in Fighting
  4906 | D:6      | Noticed Duvessa
  4906 | D:6      | Noticed Dowan
  4921 | D:6      | Killed Duvessa
  4922 | D:6      | Reached skill level 5 in Dodging
  4935 | D:6      | Slain by an orc warrior

Illustrated notes

Levels and vault maps discovered:
D:1:      ldierk_walled_garden_2, layout_rooms, serial_shops, shop,
          minmay_tall_x
D:2:      layout_rooms, grunt_ministairs_13
D:3:      layout_loops_cross, chequers_ecumenical_altar_simple_redux,
          serial_shops, shop, uniq_terence, uniq_crazy_yiuf_cottage
D:4:      layout_layer_cave, serial_shops, nicolae_shop_tiny_waterfront
D:5:      layout_basic
D:6:      layout_loops_ring, nemelex_dance_club_becter, old_standard_altar,
          minmay_temple_entry_offerings, serial_shops, nicolae_stop_n_shop_2,
          minivault_5, nicolae_take_the_stairs, grunt_ministairs_1,
          mumra_transporter_accident, uniq_duvessa

Skill      XL: |  1  2  3  4  5  6  7  8 |
---------------+-------------------------+-----
Ice Magic      | 5 6 7 |  7.5
Spellcasting   | 3 4 5 |  5.3
Dodging        | 4 5 |  5.3
Summonings     | 5 6 |  6.4
Fighting       | 3 |  3.2
Stealth        | |  1.9

Action                     |  1- 3 |  4- 6 |  7- 9 || total
---------------------------+-------+-------+-------++-------
  Melee: Unarmed           |    15 |       |       ||    15
         Club              |    26 |       |       ||    26
         Punch             |     1 |     1 |     2 ||     4
         Dagger            |       |    73 |    73 ||   146
   Cast: Freeze            |    26 |     8 |     5 ||    39
         Frozen Ramparts   |     1 |     6 |    20 ||    27
         Ozocubu's Armour  |     1 |     5 |    12 ||    18
         Summon Ice Beast  |       |       |     2 ||     2
    Use: Scroll            |       |     1 |     1 ||     2
   Stab: Sleeping          |     3 |     3 |       ||     6
 Armour: Robe              |    21 |    32 |    31 ||    84
  Dodge: Dodged            |    39 |    58 |    46 ||   143
